SAA
LANCASTER FARMERS @ MYRTLE BEACH MERMEN
05/02/2028
 
TOP OF THE 1ST
Lancaster Farmers batting - Pitching for Myrtle Beach Mermen : RHP Jordan Turpin
Pitching: RHP Jordan Turpin
Batting: RHB Pedro Torres 0-0: Ball
1-0: Foul Ball, location: 2F
1-1: Called Strike
1-2: Ball
2-2: Strikes out swinging
Batting: LHB Carlos Germán 0-0: Ball
1-0: Foul Ball, location: 2F
1-1: Bunt missed!
1-2: Ball
2-2: Fly out, F4 (Line Drive, 34)
Batting: SHB Janghyun Sam 0-0: Ball
1-0: Ground out 6-3 (Groundball, 6)
Top of the 1st over - 0 run(s), 0 hit(s), 0 error(s), 0 left on base; Lancaster 0 - Myrtle Beach 0
BOTTOM OF THE 1ST
Myrtle Beach Mermen batting - Pitching for Lancaster Farmers : RHP Santiago López
Pitching: RHP Santiago López
Batting: RHB Sixto Estrada 0-0: Called Strike
0-1: Ball
1-1: Foul Ball, location: 2F
1-2: Foul Ball, location: 2F
1-2: Ball
2-2: Strikes out swinging
Batting: RHB Jorge Reyes 0-0: Ball
1-0: Swinging Strike
1-1: Ground out 5-3 (Groundball, 56)
Batting: LHB Juan Villanueva 0-0: Called Strike
0-1: Ball
1-1: Ball
2-1: SINGLE (Groundball, 4MS) (infield hit)
Batting: LHB Alexis Raimbault 0-0: Ball
1-0: DOUBLE (Line Drive, 8LD)
Juan Villanueva to third
Runner from 3rd tries for Home, SAFE, no throw
Batting: LHB Philip Strickland 0-0: Ball
1-0: Foul Ball, location: 2F
1-1: Swinging Strike
1-2: Foul Ball, location: 2F
1-2: Ball
2-2: Ball
3-2: Base on Balls
Batting: RHB Fernando Martínez 0-0: Called Strike
0-1: Foul Ball, location: 2F
0-2: Ball
1-2: Ball
2-2: Ball
3-2: SINGLE (Groundball, 6MD)
Alexis Raimbault to third
Philip Strickland to second
Alexis Raimbault scores
Philip Strickland to third
Batting: RHB Sal Haynes 0-0: Fly out, F8 (Flyball, 8RM)
Bottom of the 1st over - 2 run(s), 3 hit(s), 0 error(s), 2 left on base; Lancaster 0 - Myrtle Beach 2
TOP OF THE 2ND
Lancaster Farmers batting - Pitching for Myrtle Beach Mermen : RHP Jordan Turpin
Batting: LHB Pancho Farías 0-0: Called Strike
0-1: Foul Ball, location: 2F
0-2: Hit by Pitch
Batting: LHB Mark Armstead 0-0: Ball
1-0: Fly out, F2 (Popup, 13S)
Batting: LHB Chris Gregory 0-0: Ball
1-0: Ground out U3 (Groundball, 34S)
Pancho Farías to second
Batting: SHB Sven Spee 0-0: Called Strike
0-1: Foul Ball, location: 2F
0-2: Ground out U3 (Groundball, 3)
Top of the 2nd over - 0 run(s), 0 hit(s), 0 error(s), 1 left on base; Lancaster 0 - Myrtle Beach 2
BOTTOM OF THE 2ND
Myrtle Beach Mermen batting - Pitching for Lancaster Farmers : RHP Santiago López
Batting: RHB Jimmy Dawson 0-0: Ground out 2-3 (Groundball, 13S)
Batting: SHB David Vázquez 0-0: Fly out, F9 (Line Drive, 9LM)
Batting: RHB Sixto Estrada 0-0: SINGLE (Line Drive, 89M)
Batting: RHB Jorge Reyes 0-0: Called Strike
Sixto Estrada is caught stealing 2nd base
Bottom of the 2nd over - 0 run(s), 1 hit(s), 0 error(s), 0 left on base; Lancaster 0 - Myrtle Beach 2
TOP OF THE 3RD
Lancaster Farmers batting - Pitching for Myrtle Beach Mermen : RHP Jordan Turpin
Batting: RHB Danijel van Aalten 0-0: Called Strike
0-1: Ball
1-1: Ground out 1-3 (Groundball, 13S)
Batting: SHB Alfredo Sánchez 0-0: Ball
1-0: Called Strike
1-1: Foul Ball, location: 2F
1-2: Ball
2-2: Fly out, F8 (Flyball, 8RM)
Batting: RHB Pedro Torres 0-0: Ball
1-0: Ball
2-0: DOUBLE (Line Drive, 78M)
Batting: LHB Carlos Germán 0-0: Fly out, F7 (Flyball, 7)
Top of the 3rd over - 0 run(s), 1 hit(s), 0 error(s), 1 left on base; Lancaster 0 - Myrtle Beach 2
BOTTOM OF THE 3RD
Myrtle Beach Mermen batting - Pitching for Lancaster Farmers : RHP Santiago López
Batting: RHB Jorge Reyes 0-0: Ball
1-0: Foul Ball, location: 2F
1-1: Ball
2-1: Ground out 6-3 (Groundball, 6)
Batting: LHB Juan Villanueva 0-0: Called Strike
0-1: Ball
1-1: Called Strike
1-2: Strikes out swinging
Batting: LHB Alexis Raimbault 0-0: Ball
1-0: Swinging Strike
1-1: Ball
2-1: Ground out U3 (Groundball, 3)
Bottom of the 3rd over - 0 run(s), 0 hit(s), 0 error(s), 0 left on base; Lancaster 0 - Myrtle Beach 2
TOP OF THE 4TH
Lancaster Farmers batting - Pitching for Myrtle Beach Mermen : RHP Jordan Turpin
Batting: SHB Janghyun Sam 0-0: Called Strike
0-1: Swinging Strike
0-2: Foul Ball, location: 2F
0-2: Ball
1-2: Strikes out swinging
Batting: LHB Pancho Farías 0-0: Ground out 1-3 (Groundball, 13S)
Batting: LHB Mark Armstead 0-0: Foul Ball, location: 2F
0-1: SINGLE (Line Drive, 34)
Batting: LHB Chris Gregory 0-0: Fly out, F7 (Flyball, 7D)
Top of the 4th over - 0 run(s), 1 hit(s), 0 error(s), 1 left on base; Lancaster 0 - Myrtle Beach 2
BOTTOM OF THE 4TH
Myrtle Beach Mermen batting - Pitching for Lancaster Farmers : RHP Santiago López
Batting: LHB Philip Strickland 0-0: Called Strike
0-1: Swinging Strike
0-2: Strikes out swinging
Batting: RHB Fernando Martínez 0-0: Ball
1-0: Ball
2-0: Called Strike
2-1: Fly out, F8 (Flyball, 78D)
Batting: RHB Sal Haynes 0-0: Ball
1-0: Foul Ball, location: 2F
1-1: Reached on error, E5 (Groundball, 56)
Batting: RHB Jimmy Dawson 0-0: Ball
1-0: Called Strike
1-1: Ball
2-1: Swinging Strike
2-2: Fly out, F7 (Line Drive, 7S)
Bottom of the 4th over - 0 run(s), 0 hit(s), 1 error(s), 1 left on base; Lancaster 0 - Myrtle Beach 2
TOP OF THE 5TH
Lancaster Farmers batting - Pitching for Myrtle Beach Mermen : RHP Jordan Turpin
Batting: SHB Sven Spee 0-0: Called Strike
0-1: Swinging Strike
0-2: Strikes out swinging
Batting: RHB Danijel van Aalten 0-0: Called Strike
0-1: Ball
1-1: Swinging Strike
1-2: Strikes out swinging
Batting: SHB Alfredo Sánchez 0-0: Ball
1-0: Called Strike
1-1: Fly out, F6 (Popup, 56D)
Top of the 5th over - 0 run(s), 0 hit(s), 0 error(s), 0 left on base; Lancaster 0 - Myrtle Beach 2
BOTTOM OF THE 5TH
Myrtle Beach Mermen batting - Pitching for Lancaster Farmers : RHP Santiago López
Batting: SHB David Vázquez 0-0: Called Strike
0-1: Ball
1-1: Ball
2-1: Foul Ball, location: 2F
2-2: Ball
3-2: Ground out 3-1 (Groundball, 34)
Batting: RHB Sixto Estrada 0-0: Foul Ball, location: 2F
0-1: Ball
1-1: Ball
2-1: Foul Ball, location: 2F
2-2: Strikes out swinging
Batting: RHB Jorge Reyes 0-0: Ball
1-0: Ground out 1-3 (Groundball, P)
Bottom of the 5th over - 0 run(s), 0 hit(s), 0 error(s), 0 left on base; Lancaster 0 - Myrtle Beach 2
TOP OF THE 6TH
Lancaster Farmers batting - Pitching for Myrtle Beach Mermen : RHP Jordan Turpin
Batting: RHB Pedro Torres 0-0: Ball
1-0: Foul Ball, location: 2F
1-1: Foul Ball, location: 2F
1-2: Strikes out swinging
Batting: LHB Carlos Germán 0-0: Foul Ball, location: 2F
0-1: Called Strike
0-2: Fly out, F8 (Flyball, 8RM)
Batting: SHB Janghyun Sam 0-0: Called Strike
0-1: Foul Ball, location: 2F
0-2: Ball
1-2: Foul Ball, location: 2F
1-2: SINGLE (Groundball, 34S) (infield hit)
Batting: LHB Pancho Farías 0-0: Ball
1-0: Called Strike
1-1: Ball
2-1: Called Strike
2-2: Fielders Choice at 2nd, 4-6 (Groundball, 34)
Top of the 6th over - 0 run(s), 1 hit(s), 0 error(s), 0 left on base; Lancaster 0 - Myrtle Beach 2
BOTTOM OF THE 6TH
Myrtle Beach Mermen batting - Pitching for Lancaster Farmers : RHP Santiago López
Batting: LHB Juan Villanueva 0-0: Fly out, F6 (Line Drive, 6M)
Batting: LHB Alexis Raimbault 0-0: Ball
1-0: Ball
2-0: Ground out U3 (Groundball, 34S)
Batting: LHB Philip Strickland 0-0: Called Strike
0-1: Ball
1-1: Called Strike
1-2: Ball
2-2: Foul Ball, location: 2F
2-2: Ball
3-2: Foul Ball, location: 2F
3-2: Base on Balls
Batting: RHB Fernando Martínez 0-0: Called Strike
0-1: Fielders Choice at 2nd, 6-4 (Groundball, 6)
Bottom of the 6th over - 0 run(s), 0 hit(s), 0 error(s), 0 left on base; Lancaster 0 - Myrtle Beach 2
TOP OF THE 7TH
Lancaster Farmers batting - Pitching for Myrtle Beach Mermen : RHP Jordan Turpin
Batting: LHB Mark Armstead 0-0: Called Strike
0-1: Ball
1-1: Fly out, F4 (Line Drive, 4)
Batting: LHB Chris Gregory 0-0: Called Strike
0-1: Ball
1-1: Swinging Strike
1-2: Ball
2-2: Ball
3-2: Fly out, F8 (Flyball, 8LD)
Batting: SHB Sven Spee 0-0: Ball
1-0: Fly out, F6 (Popup, 6S)
Top of the 7th over - 0 run(s), 0 hit(s), 0 error(s), 0 left on base; Lancaster 0 - Myrtle Beach 2
BOTTOM OF THE 7TH
Myrtle Beach Mermen batting - Pitching for Lancaster Farmers : RHP Santiago López
Batting: RHB Sal Haynes 0-0: Called Strike
0-1: Called Strike
0-2: Ball
1-2: Fly out, F8 (Flyball, 89M)
Batting: RHB Jimmy Dawson 0-0: Called Strike
0-1: Ground out 6-3 (Groundball, 6)
Batting: SHB David Vázquez 0-0: Ball
1-0: Ground out 3-1 (Groundball, 34S)
Bottom of the 7th over - 0 run(s), 0 hit(s), 0 error(s), 0 left on base; Lancaster 0 - Myrtle Beach 2
TOP OF THE 8TH
Lancaster Farmers batting - Pitching for Myrtle Beach Mermen : RHP Jordan Turpin
Batting: RHB Danijel van Aalten 0-0: Called Strike
0-1: Ball
1-1: Foul Ball, location: 2F
1-2: Ball
2-2: Ball
3-2: Strikes out swinging
Batting: SHB Alfredo Sánchez 0-0: Ball
1-0: Ball
2-0: Called Strike
2-1: Ball
3-1: Swinging Strike
3-2: Strikes out looking
Batting: RHB Pedro Torres 0-0: Ball
1-0: Ball
2-0: Foul Ball, location: 2F
2-1: Foul Ball, location: 2F
2-2: Foul Ball, location: 2F
2-2: Ball
3-2: Base on Balls
Batting: LHB Carlos Germán 0-0: Called Strike
0-1: Ground out 4-3 (Groundball, 34)
Top of the 8th over - 0 run(s), 0 hit(s), 0 error(s), 1 left on base; Lancaster 0 - Myrtle Beach 2
BOTTOM OF THE 8TH
Myrtle Beach Mermen batting - Pitching for Lancaster Farmers : RHP Santiago López
Batting: RHB Sixto Estrada 0-0: Called Strike
0-1: Fly out, F9 (Flyball, 9)
Pitching: RHP Bert Gean
Batting: RHB Jorge Reyes 0-0: Called Strike
0-1: SINGLE (Groundball, 56S) (infield hit)
Batting: LHB Juan Villanueva 0-0: Foul Ball, location: 2F
0-1: Foul Ball, location: 2F
0-2: Ball
1-2: Foul Ball, location: 2F
1-2: Ball
2-2: SINGLE (Groundball, 34S) (infield hit)
Jorge Reyes to second
Batting: LHB Alexis Raimbault 0-0: Fly out, F4 (Popup, 34D)
Batting: LHB Philip Strickland 0-0: Ball
1-0: Swinging Strike
1-1: Ball
2-1: Foul Ball, location: 2F
2-2: Ball
3-2: Fly out, F4 (Popup, 34D)
Bottom of the 8th over - 0 run(s), 2 hit(s), 0 error(s), 2 left on base; Lancaster 0 - Myrtle Beach 2
TOP OF THE 9TH
Lancaster Farmers batting - Pitching for Myrtle Beach Mermen : RHP Jordan Turpin
Pitching: LHP Francisco Gonsáles
Batting: SHB Janghyun Sam 0-0: Ball
1-0: Called Strike
1-1: Called Strike
1-2: Strikes out looking
Batting: LHB Pancho Farías 0-0: Called Strike
0-1: Ball
1-1: Ball
2-1: Fly out, F9 (Flyball, 9S)
Batting: LHB Mark Armstead 0-0: Called Strike
0-1: Ball
1-1: Ball
2-1: Foul Ball, location: 2F
2-2: DOUBLE (Groundball, 5L)
Batting: LHB Chris Gregory 0-0: Ball
1-0: Ball
2-0: Swinging Strike
2-1: Swinging Strike
2-2: Ball
3-2: Base on Balls
Pinch Runner at 2nd Roberto Camacho:
Pinch Hitting: SHB Javier Vega 0-0: Ball
1-0: Ball
2-0: Ball
3-0: Called Strike
3-1: Called Strike
3-2: Base on Balls
Roberto Camacho to third
Chris Gregory to second
Pinch Hitting: RHB Alejandro Garza 0-0: Called Strike
0-1: Ball
1-1: Ball
2-1: Ball
3-1: Fly out, F7 (Flyball, 78D)
Top of the 9th over - 0 run(s), 1 hit(s), 0 error(s), 3 left on base; Lancaster 0 - Myrtle Beach 2
Thursday, July 6th, 2017 - OOTP Baseball 17.12 Build 75